 Dungeon Crawl Stone Soup version 0.27-a0-263-gc8dee61f84 (webtiles) character file.

Game seed: 1620040438437489241

235 ALWAYSlose the Chopper (level 5, 0/48 HPs)
             Began as a Minotaur Berserker on Feb 5, 2021.
             Was a Believer of Trog.
             Slain by an orc
             ... wielding a +0 club
              (5 damage)
             ... on level 3 of the Dungeon.
             The game lasted 00:02:15 (2537 turns).

ALWAYSlose the Chopper (Minotaur Berserker)         Turns: 2537, Time: 00:02:17

Health: 0/48       AC:  3    Str: 22    XL:     5   Next: 76%
Magic:  4/4        EV: 12    Int:  4    God:    Trog [**....]
Gold:   139        SH:  0    Dex: 10    Spells: 4/4 levels left

rFire    . . .     SeeInvis .   a - +1 hand axe
rCold    . . .     Faith    .   (no shield)
rNeg     . . .     Spirit   .   g - +0 leather armour
rPois    .         Reflect  .   (helmet restricted)
rElec    .         Harm     .   (no cloak)
rCorr    .         Rampage  .   (no gloves)
Will     ++...                  (no boots)
Stlth    +.........             (no amulet)
HPRegen  1.16/turn              (no ring)
MPRegen  0.09/turn              (no ring)

@: berserk cooldown, regenerating, slowed, very slow
A: retaliatory headbutt, horns 2
a: Renounce Religion, Berserk, Trog's Hand


You were on level 3 of the Dungeon.
You worshipped Trog.
Trog was pleased with you.
You visited 1 branch of the dungeon, and saw 3 of its levels.

You collected 139 gold pieces.

Inventory:

Hand Weapons
 a - a +1 hand axe (weapon)
Missiles
 k - 7 boomerangs
Armour
 g - a +0 leather armour (worn)
Scrolls
 e - a scroll of remove curse
 f - a scroll of immolation {unknown}
 h - a scroll of identify {unknown}
 l - a scroll of enchant weapon
Potions
 b - a potion of haste {unknown}
 c - 2 potions of lignification {unknown}
 d - 2 potions of invisibility {unknown}
 i - a potion of magic {unknown}
 j - a potion of cancellation {unknown}


   Skills:
 - Level 5.0 Fighting
 + Level 6.5 Axes
 - Level 3.0 Armour
 - Level 3.0 Dodging


You had 4 spell levels left.
You didn't know any spells.
Your spell library was empty.

Dungeon Overview and Level Annotations

Branches:
Dungeon (3/15)

Altars:
Qazlal


Innate Abilities, Weirdness & Mutations

You reflexively headbutt those who attack you in melee.
You have a pair of horns on your head.


Message History

You slash the orc!
You kill the orc!
Trog accepts your kill.
An orc comes into view. It is wielding a +0 club.
The orc shouts!
You see here a +0 hand axe.
You feel a strong urge to attack something.
You are no longer berserk.
Trog's vigour flows through your veins.
You are exhausted.
You feel yourself slow down. The orc completely misses you.
Found a scroll labelled EJAVOCUTS LYSO.
Unknown command.
Your skin crawls.
You feel strong-willed. The orc barely misses you. You furiously retaliate!
You headbutt the orc!
You kill the orc!
Trog accepts your kill. The orc hits you with a +0 club.
You die...

##### # #...#
#.#...#
#####.#...#####.
.?....).........
#o@....#
#.#)...#
#.#)[..#
#.)))..#
##.....#
#.######## #..#
....#
######.##....#
#.......#....#


You could see an orc.

Vanquished Creatures
  2 orc priests (D:3)
  Terence (D:3)
  An orc wizard (D:3)
  4 adders
  An ooze (D:1)
  2 worms (D:2)
  2 dart slugs
  6 orcs (D:3)
  5 bats
  14 giant cockroaches
  7 goblins
  4 hobgoblins
  4 jackals
  A quokka (D:2)
  A ball python (D:2)
  2 frilled lizards
  4 kobolds
  9 rats
70 creatures vanquished.

Vanquished Creatures (others)
  2 plants (D:2)
2 creatures vanquished.

Grand Total: 72 creatures vanquished

Notes
Turn   | Place    | Note
-------+----------+-------------------------------------------
     0 | D:1      | ALWAYSlose the Minotaur Berserker began the quest for the
                  | Orb.
     0 | D:1      | Reached XP level 1. HP: 19/19 MP: 0/0
   475 | D:1      | Reached XP level 2. HP: 22/27 MP: 1/1
   846 | D:1      | Reached skill level 4 in Axes
  1012 | D:1      | Reached XP level 3. HP: 33/33 MP: 2/2
  1105 | D:2      | Reached ** piety under Trog
  1364 | D:2      | Reached XP level 4. HP: 41/41 MP: 3/3
  1826 | D:2      | Found a stormy altar of Qazlal.
  2049 | D:2      | Found a faded altar of an unknown god.
  2335 | D:3      | Noticed Terence
  2350 | D:3      | Killed Terence
  2351 | D:3      | Reached skill level 5 in Fighting
  2351 | D:3      | Reached skill level 5 in Axes
  2478 | D:3      | Reached XP level 5. HP: 43/48 MP: 4/4
  2528 | D:3      | Reached skill level 6 in Axes
  2537 | D:3      | Slain by an orc

Illustrated notes

Levels and vault maps discovered:
D:1:      nzn_arrival_depleted_hourglass, layout_basic, minmay_misc_feat_square,
          serial_bayou_ford_a
D:2:      minmay_roachtagon, layout_basic, nicolae_overflow_hidden_temple,
          chequers_ecumenical_altar_lobes
D:3:      minmay_bubble_buster, layout_basic, uniq_terence

Skill      XL: |  1  2  3  4  5 |
---------------+----------------+-----
Fighting       | 4 5 |  5.0
Axes           | 4 5 6 |  6.5
Armour         | 3 |  3.0
Dodging        | 3 |  3.0

Action                   |  1- 3 |  4- 6 || total
-------------------------+-------+-------++-------
Melee: Hand axe          |    71 |    69 ||   140
       Headbutt          |    11 |     7 ||    18
Invok: Berserk           |     2 |     2 ||     4
       Trog's Hand       |       |     1 ||     1
  Use: Scroll            |       |     4 ||     4
Armor: Animal skin       |     3 |       ||     3
       Leather armour    |    22 |    12 ||    34
Dodge: Dodged            |    50 |    42 ||    92

Table legend: (Time is in decaauts)
 A = Elapsed time spent in this place.
 B = Non-inter-level travel time spent in this place.
 C = Inter-level travel time spent in this place.
 D = Time resting spent in this place.
 E = Time spent auto-exploring this place.
 F = Levels seen in this place.
 G = Mean time per level.
                   A        B        C        D        E       F      G
               +--------+--------+--------+--------+--------+-----+--------+
         Total |   2580 |   2504 |     76 |     95 |   2078 |   3 |  860.0 |
       Dungeon |   2580 |   2504 |     76 |     95 |   2078 |   3 |  860.0 |
               +--------+--------+--------+--------+--------+-----+--------+

Top non-repeatable levels by time:
     D:2: 1286 daAuts
     D:1: 1077 daAuts
     D:3: 216 daAuts
